 Dungeon Crawl Stone Soup version 0.28-a0-1447-ga5a8893891 (webtiles) character file.

Game seed: 10386213278766854969

160610 shadowrider38 the Brawler (level 17, -2/172 HPs)
             Began as a Troll Abyssal Knight on Jan 11, 2022.
             Was the Champion of Lugonu.
             Succumbed to poison
             ... while paralysed by a fenstrider witch
             ... on level 3 of the Swamp on Jan 12, 2022.
             The game lasted 01:58:28 (42365 turns).

shadowrider38 the Brawler (Troll Abyssal Knight)   Turns: 42365, Time: 01:58:28

Health: -2/172     AC: 24    Str: 31    XL:     17   Next: 18%
Magic:  22/23      EV:  1    Int:  6    God:    Lugonu [******]
Gold:   1434       SH:  0    Dex: 10    Spells: 16/16 levels left

rFire   . . .      SeeInvis .     - Unarmed
rCold   + . .      Faith    .   r - +4 tower shield
rNeg    . . .      Spirit   .   H - +1 shadow dragon scales
rPois   .          Reflect  +   L - +2 hat of Quantum Leap {rC+}
rElec   .          Harm     .   s - +0 cloak
rCorr   .          Rampage  .   (gloves unavailable)
Will    ++...                   (boots unavailable)
Stlth   ++........              P - amulet of reflection
HPRegen 1.18/turn               w - +4 ring of protection
MPRegen 0.18/turn               g - ring "Nownufetink" {Will+ Stlth+}

@: paralysed, lethally poisoned (-2 -> -38), very slow
A: large, unfitting armour, claws 3, regeneration 1, shaggy fur 1, tough skin 1,
MP-powered wands
a: Renounce Religion, Depart the Abyss, Bend Space, Banish, Corrupt, Enter the
Abyss, Brand Weapon With Distortion


You were on level 3 of the Swamp.
You worshipped Lugonu.
Lugonu was exalted by your worship.
You visited 5 branches of the dungeon, and saw 27 of its levels.
You visited the Abyss 3 times.
You also visited: Bailey and Ice Cave.

You collected 2238 gold pieces.
You spent 804 gold pieces at shops.

Inventory:

Hand Weapons
 x - the +6 hunting sling "Banlolura" {vorpal, rElec rPois Stlth+}
   (You found it on level 3 of the Swamp)

   Any ammunition fired from it inflicts extra damage upon your enemies.
   rElec:     It insulates you from electricity.
   rPois:     It protects you from poison.
   Stlth:     It makes you more stealthy.
 I - a +5 halberd
Missiles
 a - 3 throwing nets
 c - 16 curare-tipped darts
 T - 49 large rocks (quivered)
 U - 151 sling bullets
 W - 6 javelins
Armour
 r - a +4 tower shield (worn)
 s - a +0 cloak (worn)
 H - +1 shadow dragon scales (worn)
 L - the +2 hat of Quantum Leap (worn) {rC+}
   (You found it in a bailey)

   rC:        It protects you from cold.
 X - a +2 robe of resistance
Jewellery
 d - a ring of see invisible
 g - the ring "Nownufetink" (right claw) {Will+ Stlth+}
   (You bought it in a shop on level 2 of the Orcish Mines)

   [ring of willpower]

   Will:      It increases your willpower.
   Stlth:     It makes you more stealthy.
 w - a +4 ring of protection (left claw)
 P - an amulet of reflection (around neck)
 Z - a ring of flight
Wands
 t - a wand of iceblast (23)
 v - a wand of flame (49)
 B - a wand of acid (11)
 N - a wand of charming (9)
 O - a wand of paralysis (10)
 S - a wand of digging (8)
Scrolls
 b - 4 scrolls of holy word
 e - 2 scrolls of immolation
 h - 9 scrolls of fear
 i - 3 scrolls of torment
 j - 9 scrolls of vulnerability
 k - a scroll of summoning
 q - 8 scrolls of enchant weapon
 y - 6 scrolls of blinking
 D - a scroll of amnesia
 G - 2 scrolls of fog
 J - 8 scrolls of teleportation
 R - 5 scrolls of magic mapping
 Y - 2 scrolls of brand weapon
Potions
 f - 11 potions of curing
 l - 5 potions of attraction
 m - 4 potions of lignification
 n - 4 potions of haste
 o - 4 potions of might
 p - 2 potions of invisibility
 z - 2 potions of berserk rage
 A - 2 potions of brilliance
 C - a potion of resistance {unknown}
 E - 6 potions of heal wounds
 F - 2 potions of ambrosia
 K - 2 potions of cancellation {unknown}
 Q - 2 potions of magic
 V - 2 potions of mutation
Miscellaneous
 u - a phial of floods
 M - a box of beasts (inert)


   Skills:
 - Level 12.0 Fighting
 - Level 5.0 Throwing
 - Level 10.0 Armour
 - Level 10.0 Dodging
 - Level 10.0 Shields
 + Level 15.3 Unarmed Combat
 - Level 10.0 Invocations
 - Level 7.0 Evocations


You had 16 spell levels left.
You didn't know any spells.
Your spell library contained the following spells:

 Spells                   Type           Power      Damage    Failure   Level
 Magic Dart               Conj           0%         1d3       100%        1
 Shock                    Conj/Air       0%         1d3       100%        1
 Sting                    Tmut/Pois      0%         1d3       100%        1
 Blink                    Tloc           0%         N/A       100%        2
 Ensorcelled Hibernation  Hex/Ice        0%         N/A       100%        2
 Passwall                 Tmut/Erth      0%         N/A       100%        2
 Poisonous Vapours        Pois/Air       0%         N/A       100%        2
 Scorch                   Fire           0%         2d5       100%        2
 Searing Ray              Conj           0%         2d4       100%        2
 Static Discharge         Conj/Air       0%         N/A       100%        2
 Confusing Touch          Hex            0%         N/A       100%        3
 Gell's Gravitas          Tloc           0%         N/A       100%        3
 Lesser Beckoning         Tloc           0%         N/A       100%        3
 Ozocubu's Armour         Ice            0%         N/A       100%        3
 Portal Projectile        Hex/Tloc       0%         N/A       100%        3
 Swiftness                Air            0%         N/A       100%        3
 Teleport Other           Tloc           0%         N/A       100%        3
 Airstrike                Air            0%         N/A       100%        4
 Animate Dead             Necr           0%         N/A       100%        4
 Dispel Undead            Necr           0%         3d6       100%        4
 Flame Wave               Conj/Fire      0%         2d4       100%        4
 Fulminant Prism          Conj/Hex       0%         3d6       100%        4
 Iskenderun's Mystic Bla  Conj/Tloc      0%         2d3       100%        4
 Olgreb's Toxic Radiance  Pois           0%         N/A       100%        4
 Sticky Flame             Conj/Fire      0%         2d3       100%        4
 Blade Hands              Tmut           0%         N/A       100%        5
 Excruciating Wounds      Necr           0%         N/A       100%        5
 Iskenderun's Battlesphe  Conj           0%         2d6       100%        5
 Lee's Rapid Deconstruct  Erth           0%         3d5*      100%        5
 Lightning Bolt           Conj/Air       0%         1d11      100%        5
 Manifold Assault         Tloc           0%         N/A       100%        5
 Yara's Violent Unravell  Hex/Tmut       0%         3d3       100%        5
 Dispersal                Tloc           0%         N/A       100%        6
 Iron Shot                Conj/Erth      0%         9d1       100%        6
 Summon Cactus Giant      Summ           0%         N/A       100%        6
 Enfeeble                 Hex            0%         N/A       100%        7
 Haunt                    Necr/Summ      0%         N/A       100%        7
 Ozocubu's Refrigeration  Ice            0%         4d5       100%        7
 Spellforged Servitor     Conj/Summ      0%         N/A       100%        7
 Disjunction              Tloc           0%         N/A       100%        8
 Infestation              Necr           0%         N/A       100%        8
 Maxwell's Capacitive Co  Air            0%         ∞         100%        8


Dungeon Overview and Level Annotations

Branches:
Dungeon (15/15)            Temple (1/1) D:7            Lair (6/6) D:8
  Swamp (3/4) Lair:3       Spider (0/4) Lair:3          Orc (2/2) D:10
    Elf (0/3) Orc:2        Vaults (0/5) D:14         Depths (0/4) D:15
 Bailey (visited)           IceCv (visited)
  Slime: Lair:5-6

Altars:
Ashenzari
Cheibriados
Dithmenos
Elyvilon
Fedhas
Gozag
Hepliaklqana
Kikubaaqudgha
Makhleb
Nemelex Xobeh
Okawaru
Qazlal
Ru
Sif Muna
Trog
Uskayaw
Vehumet
Wu Jian
Xom
Yredelemnul
Zin
The Shining One
Beogh

Shops:
D:6 *   D:8 [   Orc:2 =*[(**

Annotations:
D:13 1 transporter, Remav's ghost, adept GnAr
Lair:4 exclusion: 4 oklob plants
Lair:6 exclusion: 2 oklob plants
Abyss:1 Sonja


Innate Abilities, Weirdness & Mutations

You are too large for most types of armour.
You have claws for hands.
Your natural rate of healing is unusually fast.
You are covered in fur. (AC +1)
You have tough skin. (AC +1)
You expend magic power (3 MP) to strengthen your wands.


Message History

Unknown command.
Unknown command.
Unknown command.
Unknown command.
You are too injured to fight recklessly!
Unknown command.
Unknown command.
You feel better.
You block the fenstrider witch's attack. x2
Unknown command.
You miss the fenstrider witch.
The fenstrider witch is severely wounded.
The fenstrider witch drinks a potion.
The fenstrider witch is healed!
Unknown command.
Unknown command.
You barely miss the fenstrider witch.
The fenstrider witch is heavily wounded.
You block the fenstrider witch's attack.
The fenstrider witch kicks you.
* * * LOW HITPOINT WARNING * * *
The fenstrider witch hits you but does no damage.
The fenstrider witch kicks you but does no damage.
Unknown command.
Space bends around you!
You blink.
The fenstrider witch casts a spell at you.
You suddenly lose the ability to move!
The fenstrider witch gestures at you while chanting.
The toxic sludge hits you!
You are poisoned.
* * * LOW HITPOINT WARNING * * *
Splash!
You fall into the toxic bog.
Moving in this stuff is going to be slow.
You fester in the toxic bog!
You are lethally poisoned!
* * * LOW HITPOINT WARNING * * *
x2 You feel extremely sick.
You fester in the toxic bog!
You are more poisoned.
You die...

....♣..≈...♣♣
..≈..≈..≈≈..♣
§≈...≈.≈...≈♣♣
..≈.≈...≈.≈..♣
.♣≈.♣≈♣.≈♣♣.♣♣ ♣♣♣♣♣♣
..♣♣♣♣≈..♣♣♣♣♣♣♣♣♣.♣..♣♣♣
.♣♣ ♣♣..♣♣♣.♣.♣.♣..♣.♣≈♣♣
♣♣ ♣♣≈≈♣..≈..≈≈≈♣≈..≈.♣
♣♣♣ ♣.≈.......@≈......♣♣
♣.♣ ♣.≈..#....).....≈♣♣
♣.♣♣♣...#...........≈♣♣
♣♣.♣♣....#...(H##.^.≈≈.♣
♣..♣♣♣.......#.#...<..♣♣
♣♣.♣♣♣.................♣
§≈.♣ ♣≈..#.##.......≈.≈♣
♣♣.♣ ♣≈.##.##.......≈♣≈♣
♣.♣ ♣..##.....##.#....♣


You could see a fenstrider witch.

Vanquished Creatures
  Mlioglotl (Swamp:3)
  Rupert (Orc:2)
  Kirke (Lair:3)
  Donald (D:10)
  An orc warlord (Orc:2)
  2 eleionomae (Swamp:1)
  3 bunyips
  Snorg (Lair:3)
  Josephine (D:11)
  2 shambling mangroves
  Harold (Lair:2)
  A great orb of eyes (Abyss:1)
  6 boulder beetles
  3 vault guards (D:14)
  2 ghost crabs
  2 ogre magi (D:15)
  A hydra (Lair:3)
  2 catoblepae
  Erica (Lair:2)
  4 alligators
  4 centaur warriors
  2 tengu warriors (D:14)
  15 two-headed ogres
  Urug (Lair:2)
  6 orc high priests
  8 spriggans
  3 skeletal warriors (D:14)
  A sea snake (shapeshifter) (D:14)
  4 goliath frogs
  A deep troll (D:14)
  2 spriggan druids (Swamp:2)
  3 wizards
  A shadow demon (Abyss:1)
  2 bog bodies
  6 lindwurms
  2 swamp dragons
  8 orc knights
  3 necromancers
  5 deep elf pyromancers
  2 wolf spiders (D:15)
  11 ugly things
  The ghost of
  12572944 the Magician, a novice DjIE of the Shining One (D:6)
  A salamander (shapeshifter) (D:13)
  10 cyclopes
  4 will-o-the-wisps
  7 manticores
  6 orc sorcerers
  A black mamba (shapeshifter) (D:14)
  17 elephants
  6 black mambas
  28 cane toads
  The ghost of porpoise the Skirmisher, a novice DsBr (D:5)
  A rust devil (D:13)
  A naga mage (D:15)
  Psyche (D:9)
  7 rime drakes
  2 efreet (D:14)
  2 unseen horrors (D:11)
  3 yaktaurs
  3 kobold demonologists
  16 komodo dragons
  A freezing wraith (D:15)
  A queen bee (Lair:4)
  A polar bear (shapeshifter) (D:14)
  5 trolls
  3 meliai
  7 polar bears
  13 blink frogs
  10 slime creatures
  7 hornets
  8 tyrant leeches
  6 dream sheep (Lair:2)
  A centaur simulacrum (D:14)
  4 water elementals (D:15)
  5 wraiths
  A shadow (D:12)
  3 flying skulls (Abyss:1)
  4 wyverns
  60 yaks
  4 vampires
  4 basilisks
  16 humans (D:14)
  A golden eye (shapeshifter) (D:15)
  13 vampire mosquitoes
  A redback (shapeshifter) (D:14)
  12 swamp worms
  A warg (Orc:1)
  3 death yak simulacra
  2 acid dragons
  20 water moccasins
  An acid dragon (shapeshifter) (D:14)
  4 ice beasts
  45 orc warriors
  2 swamp drakes
  5 black bears
  9 ogres
  7 wolves
  9 centaurs
  2 phantoms
  10 kobold brigands
  19 bullfrogs
  5 scorpions
  2 water moccasin zombies
  3 cane toad simulacra
  34 killer bees
  A water moccasin skeleton (D:4)
  An elephant simulacrum (IceCv)
  8 jellies
  5 wights (D:9)
  6 electric eels
  A howler monkey (D:8)
  4 centaur zombies
  A bullfrog zombie (D:5)
  A gnoll shaman (D:10)
  7 hounds
  25 orc priests
  A bullfrog skeleton (D:5)
  4 centaur skeletons
  3 iguanas
  Natasha (thrice) (D:3)
  33 orc wizards
  A polar bear simulacrum (IceCv)
  2 howler monkey zombies
  9 gnolls
  7 adders
  2 shadow imps
  3 white imps
  An ufetubus (D:6)
  An adder skeleton (D:4)
  3 worms
  3 dart slugs (D:4)
  94 orcs
  20 endoplasms
  5 giant cockroaches
  10 goblins
  8 hobgoblins
  3 jackals
  5 quokkas
  11 ball pythons
  9 bats
  6 frilled lizards
  38 kobolds
  4 rats
  A spectral orc (D:9)
969 creatures vanquished.

Vanquished Creatures (others)
  An ugly thing (D:14)
  A bloated husk (Swamp:1)
  3 humans (Lair:4)
  2 killer bees (Lair:4)
  An electric eel (D:9)
  An orc wizard (Orc:2)
  6 foxfires
  71 fungi
  133 plants
  3 starspawn tentacles (Swamp:3)
222 creatures vanquished.

Grand Total: 1191 creatures vanquished

Notes
Turn   | Place    | Note
-------+----------+-------------------------------------------
     0 | Abyss:1  | shadowrider38 the Troll Abyssal Knight began the quest for
                  | the Orb.
     0 | Abyss:1  | Reached XP level 1. HP: 22/22 MP: 1/1
     3 | Abyss:1  | Found a corrupted altar of Lugonu.
    11 | D:1      | Escaped the Abyss
   127 | D:1      | Reached XP level 2. HP: 29/29 MP: 2/2
   290 | D:1      | Reached skill level 3 in Unarmed Combat
   608 | D:1      | Reached ** piety under Lugonu
  1112 | D:2      | Reached XP level 3. HP: 28/36 MP: 3/3
  1719 | D:3      | Reached XP level 4. HP: 45/45 MP: 4/4
  1750 | D:3      | Noticed Natasha
  1785 | D:3      | Killed Natasha
  1994 | D:3      | Reached XP level 5. HP: 27/54 MP: 5/5
  2313 | D:3      | Noticed Natasha
  2330 | D:3      | Killed Natasha
  2331 | D:3      | Reached skill level 4 in Unarmed Combat
  2425 | D:3      | Noticed Natasha
  2431 | D:3      | Killed Natasha
  2732 | D:4      | Noticed a black bear
  2782 | D:4      | Reached skill level 5 in Unarmed Combat
  2794 | D:4      | Reached *** piety under Lugonu
  2795 | D:4      | Reached XP level 6. HP: 55/62 MP: 6/6
  3071 | D:4      | Reached skill level 6 in Unarmed Combat
  3225 | D:4      | Reached skill level 1 in Evocations
  3801 | D:3      | Reached XP level 7. HP: 32/70 MP: 7/7
  3928 | D:4      | Identified the +1 dagger of the Dove {vorpal, rCorr Dex+6}
  4283 | D:4      | Found a broken altar of Ashenzari.
  4318 | D:5      | Entered Level 5 of the Dungeon
  4881 | D:5      | Found a runed translucent gate.
  4881 | D:5      | Found a runed translucent gate.
  4883 | D:5      | Found a runed translucent gate.
  5135 | D:5      | Reached XP level 8. HP: 77/78 MP: 9/9
  5344 | D:5      | Noticed porpoise's ghost (novice DsBr)
  5450 | D:6      | Found Tiesch's Gadget Gallery.
  5680 | D:5      | Reached skill level 5 in Fighting
  5732 | D:6      | Found a basalt altar of Yredelemnul.
  5994 | D:6      | Found a runed translucent gate.
  5994 | D:6      | Noticed 12572944's ghost (novice DjIE)
  5995 | D:6      | Found a runed translucent gate.
  5996 | D:6      | Found a runed translucent gate.
  6217 | D:6      | Found an ancient bone altar of Kikubaaqudgha.
  6354 | D:6      | Reached skill level 7 in Unarmed Combat
  6569 | D:7      | Reached **** piety under Lugonu
  6622 | D:7      | Reached XP level 9. HP: 89/89 MP: 11/11
  6632 | D:7      | Paralysed by a hornet for 2 turns
  6979 | D:7      | Found a staircase to the Ecumenical Temple.
  6984 | Temple   | Entered the Ecumenical Temple
  7193 | D:7      | Reached skill level 8 in Unarmed Combat
  7352 | D:7      | Reached skill level 5 in Invocations
  7512 | D:8      | Found an opulent altar of Gozag.
  7582 | D:8      | Reached skill level 5 in Dodging
  8101 | D:8      | Found Athino's Antique Armour Shop.
  8309 | D:8      | Bought a runed robe for 85 gold pieces
  8382 | D:8      | Found a staircase to the Lair.
  8662 | D:9      | Noticed a boulder beetle
  8684 | D:9      | Killed a boulder beetle
  8685 | D:9      | Reached skill level 9 in Unarmed Combat
  8685 | D:9      | Reached XP level 10. HP: 65/98 MP: 13/13
  8774 | D:9      | Noticed Psyche
  8822 | D:9      | Killed Psyche
  9250 | D:9      | Found a hazy altar of Hepliaklqana.
  9330 | D:9      | Noticed a two-headed ogre
  9527 | D:9      | Found a shimmering blue altar of Sif Muna.
  9533 | D:9      | Noticed a two-headed ogre
  9555 | D:9      | Killed a two-headed ogre
  9556 | D:9      | Reached skill level 10 in Unarmed Combat
  9912 | D:9      | Killed a two-headed ogre
 10197 | D:10     | Entered Level 10 of the Dungeon
 10217 | D:10     | Found a flagged portal.
 10218 | D:10     | Found an ornate altar of the Wu Jian Council.
 10220 | D:10     | Found a blossoming altar of Fedhas.
 10226 | Bailey   | Entered a bailey
 10269 | Bailey   | Reached ***** piety under Lugonu
 10581 | Bailey   | Found a bloodstained altar of Trog.
 10647 | Bailey   | Identified the +2 hat of Quantum Leap {rC+}
 10894 | D:10     | Found a staircase to the Orcish Mines.
 10990 | D:10     | Noticed a two-headed ogre
 11006 | D:10     | Killed a two-headed ogre
 11007 | D:10     | Reached XP level 11. HP: 76/111 MP: 16/16
 11154 | D:10     | Noticed a two-headed ogre
 11168 | D:10     | Killed a two-headed ogre
 11445 | D:10     | Found a radiant altar of Vehumet.
 11446 | D:10     | Found a shadowy altar of Dithmenos.
 11448 | D:10     | Found a glowing silver altar of Zin.
 11538 | D:10     | Found a sacrificial altar of Ru.
 11684 | D:10     | Noticed a two-headed ogre
 11694 | D:10     | Killed a two-headed ogre
 11915 | D:11     | Noticed a boulder beetle
 11946 | D:11     | Killed a boulder beetle
 11947 | D:11     | Reached skill level 5 in Evocations
 11947 | D:11     | Reached skill level 1 in Armour
 12290 | D:11     | Noticed a two-headed ogre
 12291 | D:11     | Noticed Josephine
 12440 | D:11     | Noticed a six-headed hydra
 12464 | D:10     | Banished a seven-headed hydra
 12937 | D:10     | Killed a two-headed ogre
 12938 | D:10     | Reached skill level 5 in Armour
 13141 | D:11     | Killed Josephine
 13462 | Lair:1   | Entered Level 1 of the Lair of Beasts
 13659 | Lair:1   | Found a frozen archway.
 13672 | Lair:1   | Reached XP level 12. HP: 109/119 MP: 17/17
 13696 | IceCv    | Entered an ice cave
 14146 | Lair:1   | Reached skill level 11 in Unarmed Combat
 14471 | Lair:1   | Noticed Sonja
 14475 | Lair:1   | Cast into level 1 of the Abyss (Sonja)
 14537 | Abyss:1  | Noticed a great orb of eyes
 14539 | Abyss:1  | Paralysed by a great orb of eyes for 3 turns
 14545 | Abyss:1  | Killed a great orb of eyes
 14560 | Lair:1   | Escaped the Abyss
 14561 | Lair:1   | Banished Sonja
 15274 | Lair:2   | Noticed Urug
 15347 | Lair:2   | Killed Urug
 15348 | Lair:2   | Reached skill level 12 in Unarmed Combat
 15576 | Lair:2   | Noticed Erica
 15588 | Lair:2   | Killed Erica
 15855 | Lair:2   | Reached skill level 10 in Fighting
 15868 | Lair:2   | Reached skill level 1 in Throwing
 15978 | Lair:2   | Noticed Harold
 16715 | Lair:2   | Paralysed by Harold for 4 turns
 16721 | Lair:2   | Killed Harold
 16722 | Lair:2   | Reached XP level 13. HP: 80/133 MP: 18/18
 17069 | D:5      | Killed porpoise's ghost
 17343 | Lair:3   | Reached skill level 5 in Throwing
 17433 | Lair:3   | Noticed Snorg
 17443 | Lair:3   | Killed Snorg
 18225 | Lair:3   | Found a hole to the Spider Nest.
 18371 | Lair:3   | Found a staircase to the Swamp.
 20868 | Lair:4   | Noticed Kirke
 21003 | Lair:3   | Killed Kirke
 21223 | Swamp:1  | Entered Level 1 of the Swamp
 21675 | Lair:4   | Reached XP level 14. HP: 117/143 MP: 19/19
 22855 | Lair:5   | Reached ****** piety under Lugonu
 23447 | Lair:6   | Entered Level 6 of the Lair of Beasts
 23458 | Lair:6   | Reached skill level 10 in Invocations
 23476 | Lair:5   | Reached skill level 1 in Shields
 24118 | Lair:6   | Reached skill level 5 in Shields
 25381 | Lair:6   | Reached XP level 15. HP: 139/149 MP: 21/21
 26018 | Orc:1    | Entered Level 1 of the Orcish Mines
 26116 | Orc:1    | Paralysed by an orc sorcerer for 5 turns
 26725 | Orc:2    | Entered Level 2 of the Orcish Mines
 27072 | Orc:2    | Noticed Rupert
 27116 | Orc:2    | Paralysed by an orc sorcerer for 4 turns
 28878 | D:13     | You fall into a shaft and drop 2 floors!
 28878 | D:15     | Entered Level 15 of the Dungeon
 28893 | D:15     | Reached skill level 10 in Shields
 29384 | D:13     | Reached skill level 13 in Unarmed Combat
 29425 | D:13     | Found a transporter.
 29428 | D:13     | Noticed Remav's ghost (adept GnAr)
 29491 | D:13     | Found a burning altar of Makhleb.
 29741 | D:13     | Found a transporter.
 29748 | D:13     | Found a bloodstained altar of Trog.
 30584 | D:14     | Reached skill level 14 in Unarmed Combat
 31134 | D:14     | Reached XP level 16. HP: 137/158 MP: 22/22
 31834 | D:14     | Found a gate to the Vaults.
 32157 | D:15     | Cast into level 2 of the Abyss (a wizard)
 32174 | D:15     | Escaped the Abyss
 32345 | D:15     | Found a staircase to the Depths.
 33721 | Orc:2    | Noticed Donald
 34308 | Orc:1    | Reached skill level 10 in Armour
 34308 | Orc:1    | Reached skill level 10 in Dodging
 35070 | Orc:2    | Gained mutation: You expend magic power (3 MP) to
                  | strengthen your wands. [a neqoxec]
 35735 | Orc:2    | Found a staircase to the Elven Halls.
 36125 | Orc:2    | Found Uchuwei's General Store.
 36127 | Orc:2    | Found Huschaf's Specific Store.
 36135 | Orc:2    | Bought 3 scrolls of teleportation for 144 gold pieces
 36458 | Orc:2    | Found Gygaz's Antique Armour Emporium.
 36459 | Orc:2    | Found Yzysiel's Antique Weapon Shoppe.
 36460 | Orc:2    | Found Geudywn's General Store.
 36460 | Orc:2    | Found Tacilonn's Jewellery Emporium.
 36488 | Orc:2    | Bought a potion of heal wounds for 55 gold pieces
 36488 | Orc:2    | Bought a scroll of teleportation for 33 gold pieces
 36489 | Orc:2    | Bought the ring "Nownufetink" {Will+ Stlth+} for 487 gold
                  | pieces
 36622 | Orc:2    | Killed Rupert
 36722 | D:10     | Killed Donald
 39264 | Swamp:2  | Paralysed by a hornet for 3 turns
 39280 | Swamp:2  | Reached XP level 17. HP: 58/172 MP: 18/23
 40343 | Swamp:3  | Noticed Mlioglotl
 40345 | Swamp:3  | Reached skill level 15 in Unarmed Combat
 40373 | Swamp:3  | Identified the +6 hunting sling "Banlolura" {vorpal, rElec
                  | rPois Stlth+}
 41129 | D:6      | Killed 12572944's ghost
 42130 | Swamp:3  | Killed Mlioglotl
 42362 | Swamp:3  | Paralysed by a fenstrider witch for 4 turns
 42364 | Swamp:3  | HP: 5/172 [poison]
 42365 | Swamp:3  | Succumbed to poison

Illustrated notes

Levels and vault maps discovered:
D:1:      heliophobic_arrival_henge, layout_loops_ring
D:2:      layout_loops_cross
D:3:      layout_rooms, roderic_roman_lattice,
          minmay_fractal_squares_diagonal_5, uniq_natasha
D:4:      layout_basic, nicolae_overflow_hidden_temple,
          chequers_serial_rivers_micro_a, minmay_joined_circles
D:5:      layout_basic, ebering_ghost_rock_garden, grunt_ministairs_9
D:6:      layout_loops_cross, kennysheep_mini_moat,
          lemuel_zombie_altar_yredelemnul, biasface_ghost_orc_armoury,
          nicolae_shop_gadgets
D:7:      old_forge, layout_loops_ring, minmay_temple_entry_statues_pillars
D:8:      layout_cave_pods, mainiacjoe_overflow_chevrons, lair_entry_dummy,
          serial_shops, shop_statue
D:9:      layout_basic, mainiacjoe_overflow_boulevard,
          nicolae_hepliaklqana_monster_ancestors, uniq_psyche
D:10:     lemuel_slime, layout_irregular_city, grunt_temple_overflow_open,
          david_orc_2, enter_bailey_2
D:11:     layout_basic, uniq_josephine
D:12:     layout_basic, minmay_bent
D:13:     layout_basic, gammafunk_ghost_wrathful_warriors, demons_altar
D:14:     minmay_the_grid_octo_tiled_octocenter
          [minmay_the_grid_octo_checkerflower, minmay_the_grid_octo_horde,
          minmay_the_grid_octo_toaster, minmay_the_grid_octo_clover,
          minmay_the_grid_octo_prize_single_spiral,
          minmay_the_grid_square_5x5_slash,
          minmay_the_grid_square_5x5_gyroscope,
          minmay_the_grid_square_5x5_beaten_path,
          minmay_the_grid_square_5x5_inner_v], layout_loops_cross,
          grunt_vaults_entry_tiered, nrook_uturn
D:15:     grunt_enter_depths_magical_seal, layout_basic
Temple:   eino_wide_crystal_templ
Lair:1:   layout_cave_shapes, portal_ice_cave_entry_ice_simulacra,
          serial_bayou_shore_a, grunt_megastairs_2, uniq_sonja
Lair:2:   layout_loops_ring, beast_lair_carwin_4, grunt_megastairs_1,
          uniq_erica, uniq_harold, uniq_urug
Lair:3:   layout_hall_layers, minmay_swamp_entry_worms, dummy_spider_entry,
          uniq_snorg
Lair:4:   hangedman_what_comes_after_a, layout_regular_city,
          hibernation_bobbens, grunt_megastairs_3, uniq_kirke
Lair:5:   layout_misc_corridors, beast_lair_carwin_9
Lair:6:   minmay_lair_end_frog_pond, layout_small_grid,
          minmay_slime_entry_oklob_enclosed, chequers_serial_rivers_micro_b,
          nicolae_lair_lindhole
Swamp:1:  layout_basic_swamp, hangedman_swamp_lotus, swamp_pool1,
          infiniplex_staircase_pool
Swamp:2:  layout_basic_swamp, nicolae_swamp_well_well_well,
          infiniplex_staircase_pool_2
Swamp:3:  layout_falls_marsh, serial_swamp_ruin, evilmike_swamp_ruin_rubble_1,
          evilmike_swamp_ruin_house_2, uniq_mlioglotl
Orc:1:    layout_caves
Orc:2:    st_orc_congregation, layout_caves, nicolae_specific_store,
          uniq_donald, uniq_rupert

Skill      XL: |  1  2  3  4  5  6  7  8  9 10 11 12 13 14 15 16 17 |
---------------+----------------------------------------------------+-----
Unarmed Combat | 3 5 6 7 9 10 12 14 15 | 15.3
Fighting       | 3 4 6 7 8 10 12 | 12.0
Dodging        | 2 4 6 8 10 | 10.0
Evocations     | 2 5 6 7 |  7.0
Invocations    | 3 4 6 8 10 | 10.0
Armour         | 6 8 10 | 10.0
Throwing       | 4 5 |  5.0
Shields        | 7 10 | 10.0

Action                   |  1- 3 |  4- 6 |  7- 9 | 10-12 | 13-15 | 16-18 || total
-------------------------+-------+-------+-------+-------+-------+-------++-------
Melee: Unarmed           |   106 |   195 |   323 |   662 |  1563 |  1023 ||  3872
       Morningstar       |    27 |       |       |       |       |       ||    27
       Punch             |     2 |     5 |    13 |    45 |    57 |       ||   122
       Halberd           |       |       |       |       |     3 |       ||     3
Throw: Dart              |       |       |     7 |    26 |     6 |     1 ||    40
       Large rock        |       |       |       |       |     2 |    13 ||    15
Invok: Banish            |       |       |     1 |     6 |    20 |     8 ||    35
       Depart the Abyss  |       |       |       |     1 |       |       ||     1
       Bend Space        |       |       |       |       |       |    32 ||    32
Evoke: Wand              |       |       |       |       |    12 |       ||    12
       Box of beasts     |       |       |       |       |       |     1 ||     1
  Use: Scroll            |     2 |     5 |     5 |     9 |    11 |     4 ||    36
       Potion            |       |       |       |       |     1 |     3 ||     4
 Stab: Sleeping          |     1 |     1 |       |     3 |     2 |     5 ||    12
       Distracted        |       |       |       |     2 |     4 |       ||     6
       Petrified         |       |       |       |       |     7 |       ||     7
       Held in net/web   |       |       |       |       |       |     1 ||     1
Armor: Robe              |    54 |    56 |   157 |    64 |       |       ||   331
       Shadow dragon sca |       |       |       |   348 |   933 |   393 ||  1674
       Skin              |       |       |       |     4 |       |       ||     4
Dodge: Dodged            |    72 |    93 |   145 |   268 |   424 |   188 ||  1190
Block: Other             |       |       |       |    10 |   131 |       ||   141
       Tower shield      |       |       |       |       |   937 |  1167 ||  2104
       Reflection        |       |       |       |       |    15 |    74 ||    89

Table legend: (Time is in decaauts)
 A = Elapsed time spent in this place.
 B = Non-inter-level travel time spent in this place.
 C = Inter-level travel time spent in this place.
 D = Time resting spent in this place.
 E = Time spent auto-exploring this place.
 F = Levels seen in this place.
 G = Mean time per level.
                   A        B        C        D        E       F      G
               +--------+--------+--------+--------+--------+-----+--------+
         Total |  42486 |  37875 |   4611 |  11355 |  15362 |  32 | 1327.7 |
       Dungeon |  21905 |  18818 |   3087 |   4537 |   9301 |  15 | 1460.3 |
        Temple |     96 |     51 |     45 |      0 |     44 |   1 |   96.0 |
          Lair |  11789 |  10692 |   1097 |   3227 |   4011 |   6 | 1964.8 |
         Swamp |   3725 |   3635 |     90 |   1719 |   1079 |   3 | 1241.7 |
  Orcish Mines |   4144 |   3853 |    291 |   1637 |    841 |   2 | 2072.0 |
         Abyss |    108 |    108 |      0 |      0 |      0 |   3 |   36.0 |
        Bailey |    462 |    462 |      0 |    167 |     84 |   1 |  462.0 |
      Ice Cave |    253 |    253 |      0 |     67 |      0 |   1 |  253.0 |
               +--------+--------+--------+--------+--------+-----+--------+

Top non-repeatable levels by time:
  Lair:4: 2903 daAuts
    D:10: 2279 daAuts
  Lair:3: 2272 daAuts
    D:14: 2088 daAuts
   Orc:2: 2082 daAuts
   Orc:1: 2061 daAuts
  Lair:6: 1916 daAuts
     D:8: 1847 daAuts
    D:15: 1760 daAuts
  Lair:1: 1668 daAuts
     D:9: 1587 daAuts
  Lair:2: 1561 daAuts
     D:4: 1547 daAuts
    D:12: 1529 daAuts
  Lair:5: 1467 daAuts
